 Dungeon Crawl Stone Soup version 0.25-a0-665-ga69d640 (webtiles) character file.

Game seed: 16927272493509581001, levelgen mode: deterministic

10837 Faca the Fighter (level 12, 0/102 HPs)
             Began as a Human Fighter on Mar 26, 2020.
             Was a High Priest of Okawaru.
             Blown up by an eye of devastation (23 damage)
             ... with a bolt of energy
             ... in a Gauntlet on Mar 27, 2020.
             The game lasted 00:31:43 (14769 turns).

Faca the Fighter (Human Fighter)                   Turns: 14769, Time: 00:31:44

Health: 0/102      AC: 14    Str: 24    XL:     12   Next: 0%
Magic:  12/12      EV:  8    Int:  8    God:    Okawaru [*****.]
Gold:   535        SH:  0    Dex: 17    Spells: 11/11 levels left

rFire    . . .     SeeInvis +   C - +3 scimitar (vorpal)
rCold    . . .     Gourm    .   c - +1 kite shield
rNeg     + + .     Faith    .   K - +3 ring mail "Vojodonema" {rN+ Str+2 Dex+4 Slay-2}
rPois    .         Spirit   .   o - +1 helmet
rElec    .         Reflect  .   w - +0 cloak
rCorr    .         Harm     .   A - +0 pair of gloves
MR       .....     NoTele   +   (no boots)
Stlth    ..........             g - amulet of regeneration
HPRegen  0.67/turn              l - ring of see invisible
MPRegen  0.13/turn              E - ring of positive energy

@: confused
A: no striking features
a: Heroism, Finesse, Renounce Religion


You were in a Gauntlet.
You worshipped Okawaru.
Okawaru was extremely pleased with you.
You were very hungry.

You visited 2 branches of the dungeon, and saw 12 of its levels.
You also visited: Sewer and Gauntlet.

You collected 535 gold pieces.

Inventory:

Hand Weapons
 a - the +10 falchion of Demand {holy, +Rage rC- Str+4 Stlth+}
   (Okawaru gifted it to you on level 10 of the Dungeon)

   It has been blessed by the Shining One to cause great damage to the undead
   and demons.
   It affects your strength (+4).
   It makes you vulnerable to cold.
   It lets you go berserk.
   It makes you more stealthy.
 q - the +12 hunting sling "Duosoiph" {vorpal, rC++ Str-2 Dex+2 SInv}
   (You found it on level 4 of the Dungeon)

   Any stone fired from it inflicts extra damage.
   It affects your strength (-2).
   It affects your dexterity (+2).
   It greatly protects you from cold.
   It lets you see invisible.
 z - the +5 rapier of Defiance {chaos, rElec Str+3}
   (You found it on level 7 of the Dungeon)

   Each time it hits an enemy it has a different, random effect.
   It affects your strength (+3).
   It insulates you from electricity.
 C - a +3 vorpal scimitar (weapon)
Missiles
 b - 3 throwing nets
 n - 403 stones (quivered)
 t - 99 sling bullets
 M - 3 javelins
Armour
 c - a +1 kite shield (worn)
 o - a +1 helmet (worn)
 w - a +0 cloak (worn)
 A - a +0 pair of gloves (worn)
 K - the +3 ring mail "Vojodonema" (worn) {rN+ Str+2 Dex+4 Slay-2}
   (You found it on level 1 of the Lair of Beasts)

   It affects your strength (+2).
   It affects your dexterity (+4).
   It affects your accuracy and damage with ranged weapons and melee attacks
   (-2).
   It protects you from negative energy.
 N - a +0 helmet of intelligence
Jewellery
 g - an amulet of regeneration (around neck)
 l - a ring of see invisible (left hand)
 E - a ring of positive energy (right hand)
Wands
 r - a wand of acid (7)
 v - a wand of polymorph (6)
 y - a wand of iceblast (14)
 H - a wand of enslavement (8)
 I - a wand of paralysis (5)
 J - a wand of flame (26)
Scrolls
 i - 8 scrolls of remove curse
 k - 4 scrolls of enchant armour
 m - 4 scrolls of teleportation
 B - 2 scrolls of identify
 D - 2 scrolls of enchant weapon
 F - 2 scrolls of torment
 G - a scroll of fear
 L - a scroll of vulnerability
Potions
 d - 2 potions of might
 e - 2 potions of haste
 h - 6 potions of heal wounds
 j - 2 potions of curing
 p - 2 potions of lignification
 u - 2 potions of ambrosia
 x - a potion of flight
 O - a potion of mutation
Comestibles
 f - 18 rations


   Skills:
 + Level 12.0 Fighting
 + Level 11.8 Long Blades
 + Level 5.9 Armour
 + Level 6.0 Shields


You had 11 spell levels left.
You didn't know any spells.
Your spell library contained the following spells:

 Spells                   Type           Power        Failure   Level  Hunger
 Sandblast                Erth           #.....       91%         1    ##.....
 Shock                    Conj/Air       #...         91%         1    ##.....
 Passwall                 Tmut/Erth      #.......     97%         2    ###....
 Confusing Touch          Hex            #.......     99%         3    ####...
 Gell's Gravitas          Tloc           #.........   99%         3    ####...
 Stone Arrow              Conj/Erth      #.....       99%         3    ####...
 Petrify                  Tmut/Erth      #.......     100%        4    #####..
 Lee's Rapid Deconstruct  Erth           #.........   100%        5    ######.
 Metabolic Englaciation   Hex/Ice        #.........   100%        5    ######.
 Yara's Violent Unravell  Hex/Tmut       #.........   100%        5    ######.


Dungeon Overview and Level Annotations

Branches:
Dungeon (11/15)            Temple (0/1) D:4            Lair (1/6) D:10
    Orc (0/2) D:9           Sewer (visited)         Gauntlet (1/1)

Altars:
Ashenzari
Dithmenos
Elyvilon
Fedhas
Kikubaaqudgha
Okawaru
Qazlal
Ru
Sif Muna
Vehumet
Wu Jian
Zin
The Shining One

Shops:
D:6 *

Annotations:
D:7 3 runed translucent doors, YayAnonymity's ghost, novice CeHu Gauntlet 11 transporters


Message History

The golden eye blinks at you. You resist with almost no effort.
The eye of devastation gazes at you. The bolt of energy hits you!!
You bump into the rock wall.
The golden eye blinks at you.
You are more confused.
The eye of devastation gazes at you. The bolt of energy hits you!!!
* * * LOW HITPOINT WARNING * * *
The golden eye blinks at you.
You are more confused.
You hit the eye of devastation but do no damage.
The eye of devastation is severely wounded.
The golden eye blinks at you.
You are more confused.
You're too confused to move!
The eye of devastation gazes at you. The bolt of energy hits you!!
You die...

##≈#≈#≈#≈#≈#≈#≈##
##...............##
#≈.......©.....∩.≈#
##§.###########..##
#≈.§#.........#..≈#
##.§#.#.....#.#..#########
#≈..#.##.G.##.#..≈#≈#§#§#≈
##..#..##G##..#.∩......§§.
#≈..#....@....#......©....
##..#..#####..#..#########
#≈..#.##.G.##.#..#sZ.....#
##..#G#.....#.#..#.####..#
#≈..#..[.©.!..#..#.....#.#
##..###########..####©.#.#
#≈......#©#......#...#.#.#
##......#©#......##!=#.#.#
#≈..###########..#©#.#...#


You could see an eye of devastation, a floating eye and a golden eye.

Vanquished Creatures
  2 two-headed ogres
  Maggie (D:10)
  A kobold demonologist (D:11)
  4 trolls
  3 hippogriffs
  A vampire (D:10)
  Eustachio (D:4)
  2 basilisks (D:10)
  12 yaks
  A hungry ghost (D:10)
  A black bear (D:7)
  2 necrophages
  A sky beast (D:7)
  2 ice beasts
  A phantom (D:4)
  9 ogres
  6 centaurs
  A big kobold (D:10)
  9 bullfrogs
  2 wyvern skeletons
  A water moccasin skeleton (D:8)
  3 scorpions
  6 killer bees (D:9)
  9 wights
  3 electric eels
  3 crimson imps
  A centaur zombie (D:6)
  2 bullfrog zombies (D:4)
  A bullfrog skeleton (D:6)
  A jelly (D:5)
  2 centaur skeletons
  A gnoll shaman (D:10)
  7 hounds
  8 orc wizards
  8 iguanas
  6 worker ants
  2 killer bee zombies
  3 hound skeletons
  A worker ant zombie (D:11)
  17 adders
  7 gnolls
  A river rat (D:3)
  A shadow imp (D:5)
  11 oozes (Sewer)
  An adder zombie (D:8)
  A worm (D:4)
  17 leopard geckos
  27 orcs
  9 ball pythons
  17 giant cockroaches
  8 goblins
  7 hobgoblins
  15 jackals
  6 quokkas
  10 bats
  9 frilled lizards
  5 kobolds
  2 quokka skeletons
  13 rats
314 creatures vanquished.

Notes
Turn   | Place    | Note
-------+----------+-------------------------------------------
     0 | D:1      | Faca the Human Fighter began the quest for the Orb.
     0 | D:1      | Reached XP level 1. HP: 18/18 MP: 1/1
    31 | D:1      | You fall into a shaft and drop 1 floor!
    84 | D:2      | Reached XP level 2. HP: 9/24 MP: 2/2
   475 | D:1      | Reached XP level 3. HP: 29/29 MP: 3/3
   942 | D:2      | Found an iron altar of Okawaru.
  1101 | D:2      | Became a worshipper of Warmaster Okawaru
  1271 | D:2      | Reached XP level 4. HP: 33/37 MP: 4/4
  1301 | D:2      | Reached skill level 4 in Fighting
  1377 | D:2      | Found an ornate altar of the Wu Jian Council.
  1458 | D:3      | Found a glowing drain.
  1626 | Sewer    | Entered a sewer
  1735 | Sewer    | Reached XP level 5. HP: 42/42 MP: 5/5
  2012 | Sewer    | Reached XP level 6. HP: 20/50 MP: 6/6
  2235 | Sewer    | Reached skill level 5 in Fighting
  2238 | Sewer    | Reached * piety under Okawaru
  2548 | D:3      | Reached skill level 5 in Long Blades
  2558 | D:3      | Found a sacrificial altar of Ru.
  2775 | D:3      | Found a stormy altar of Qazlal.
  2975 | D:3      | Reached XP level 7. HP: 48/56 MP: 7/7
  3828 | D:4      | Found a white marble altar of Elyvilon.
  3876 | D:4      | Reached skill level 6 in Fighting
  3893 | D:4      | Got an encrusted hunting sling
  3894 | D:4      | Identified the +12 hunting sling "Duosoiph" {vorpal, rC++
                  | Str-2 Dex+2 SInv} (You found it on level 4 of the Dungeon)
  3966 | D:4      | Reached ** piety under Okawaru
  4248 | D:4      | Found a glowing golden altar of the Shining One.
  4438 | D:4      | Found a staircase to the Ecumenical Temple.
  4438 | D:4      | Noticed Eustachio
  4464 | D:4      | Killed Eustachio
  4464 | D:4      | Reached XP level 8. HP: 62/65 MP: 8/8
  4536 | D:4      | Reached skill level 7 in Fighting
  4712 | D:5      | Entered Level 5 of the Dungeon
  5166 | D:5      | Found a shattered altar of Ashenzari.
  5168 | D:5      | Found a glowing silver altar of Zin.
  5169 | D:5      | Found a blossoming altar of Fedhas.
  6250 | D:6      | Found Otuurex's Lightly-Used Armoury.
  6258 | D:6      | Reached *** piety under Okawaru
  6258 | D:6      | Reached skill level 8 in Fighting
  6258 | D:6      | Reached XP level 9. HP: 55/74 MP: 9/9
  7238 | D:7      | Found a runed translucent gate.
  7249 | D:7      | Got a shimmering rapier
  7250 | D:7      | Identified the +5 rapier of Defiance {chaos, rElec Str+3}
                  | (You found it on level 7 of the Dungeon)
  7332 | D:7      | Found a shadowy altar of Dithmenos.
  7657 | D:7      | Reached skill level 9 in Fighting
  8132 | D:7      | Reached **** piety under Okawaru
  8200 | D:7      | Found a runed translucent gate.
  8202 | D:7      | Found a runed translucent gate.
  8350 | D:7      | Found an ancient bone altar of Kikubaaqudgha.
  8362 | D:7      | Found a radiant altar of Vehumet.
  8376 | D:7      | Identified Vehumet's Collected Works on Conjuration
  8388 | D:7      | Found a shimmering blue altar of Sif Muna.
  8473 | D:7      | Noticed YayAnonymity's ghost (novice CeHu)
  8713 | D:8      | Reached XP level 10. HP: 56/84 MP: 10/10
  8961 | D:8      | Reached skill level 10 in Fighting
  9317 | D:9      | Reached skill level 10 in Long Blades
  9447 | D:9      | Found a staircase to the Orcish Mines.
  9516 | D:9      | Reached ***** piety under Okawaru
  9795 | D:9      | Noticed a two-headed ogre
  9804 | D:9      | Killed a two-headed ogre
  9804 | D:9      | Received a gift from Okawaru
 10106 | D:9      | Got a jewelled scale mail
 10117 | D:9      | Identified the +1 scale mail "Moadd" {rElec rN+ Int-4} (You
                  | found it on level 9 of the Dungeon)
 10335 | D:10     | Entered Level 10 of the Dungeon
 10361 | D:10     | Reached skill level 11 in Fighting
 11019 | D:10     | Reached XP level 11. HP: 75/93 MP: 11/11
 12244 | D:10     | Noticed a two-headed ogre
 12255 | D:10     | Killed a two-headed ogre
 12255 | D:10     | Received a gift from Okawaru
 12255 | D:10     | Reached skill level 5 in Armour
 12255 | D:10     | Reached skill level 5 in Shields
 12268 | D:10     | Got a scorched falchion {god gift}
 12269 | D:10     | Identified the +10 falchion of Demand {holy, +Rage rC-
                  | Str+4 Stlth+} (Okawaru gifted it to you on level 10 of the
                  | Dungeon)
 12612 | D:10     | Noticed Maggie
 12613 | D:10     | Found a staircase to the Lair.
 12625 | D:10     | Killed Maggie
 13974 | D:11     | Received a gift from Okawaru
 14081 | D:11     | Noticed a sixfirhy
 14350 | D:10     | Reached skill level 12 in Fighting
 14350 | D:10     | Reached XP level 12. HP: 102/102 MP: 12/12
 14397 | Lair:1   | Entered Level 1 of the Lair of Beasts
 14443 | Lair:1   | Found a gate leading to a gauntlet.
 14464 | Lair:1   | Got an encrusted ring mail
 14478 | Lair:1   | Identified the +3 ring mail "Vojodonema" {rN+ Str+2 Dex+4
                  | Slay-2} (You found it on level 1 of the Lair of Beasts)
 14507 | Gauntlet | Entered a Gauntlet
 14507 | Gauntlet | Found a transporter.
 14507 | Gauntlet | Found a transporter.
 14508 | Gauntlet | Found a transporter.
 14509 | Gauntlet | Found a transporter.
 14510 | Gauntlet | Found a transporter.
 14512 | Gauntlet | Found a transporter.
 14519 | Gauntlet | Noticed a fire crab
 14527 | Gauntlet | Found a transporter.
 14528 | Gauntlet | Found a transporter.
 14529 | Gauntlet | Found a transporter.
 14531 | Gauntlet | Found a transporter.
 14533 | Gauntlet | Noticed a great orb of eyes
 14543 | Gauntlet | Noticed a wretched star
 14544 | Gauntlet | Found a transporter.
 14545 | Gauntlet | Found a transporter.
 14601 | Gauntlet | Noticed a death scarab
 14769 | Gauntlet | Blown up by an eye of devastation

Levels and vault maps discovered:
D:1:      mrwooster_arrival_statue_3, layout_rooms, minmay_pentomino_q2
D:2:      layout_rooms, okawaru_metal_pillars_3, lemuel_crystal_altar
D:3:      layout_loops_corners, overflow_temple_1_default, portal_sewer_entry_e,
          minmay_misc_feat_room, nicolae_ru_sacrificial_ziggurat
D:4:      layout_loops_ring, nicolae_tso_swordbearing_angel, marbit_many_paths,
          minmay_temple_entry_hall, uniq_eustachio
D:5:      layout_layer_cave, minitemple, first_ration, kennysheep_generic_room_7
D:6:      layout_loops_cross, minmay_shop_damaged, kennysheep_donut
D:7:      layout_basic, palyth_temple_overflow_mages,
          nicolae_dithmenos_shadow_blocks, gammafunk_ghost_necromancy,
          serial_bayou_ford_a
D:8:      layout_gridville
D:9:      layout_rooms, orc_0_dummy, kennysheep_generic_room_9
D:10:     layout_stronghold, david_lair_generic, grunt_ogre_cave, uniq_maggie
D:11:     layout_basic
Lair:1:   layout_regular_city, gauntlet_entry_generic, grunt_megastairs_4
Gauntlet: minmay_gauntlet_mixed_big_or_small [gammafunk_gauntlet_arena_split_x,
          minmay_gauntlet_arena_77_radiant_squares,
          nicolae_gauntlet_arena_quarters, minmay_gauntlet_arena_77_fan,
          gammafunk_gauntlet_arena_grid, minmay_gauntlet_arena_77_two_lines,
          nicolae_gauntlet_exit_dead_adventurers]

Skill      XL: |  1  2  3  4  5  6  7  8  9 10 11 |
---------------+----------------------------------+-----
Long Blades    | 3 4 5 6 7 9 11 | 11.8
Fighting       | 4 5 6 8 9 11 12 | 12.0
Armour         | 5 |  5.9
Shields        | 6 |  6.0

Action                   |  1- 3 |  4- 6 |  7- 9 | 10-12 || total
-------------------------+-------+-------+-------+-------++-------
Melee: Long sword        |   118 |   264 |   432 |   237 ||  1051
       Rapier            |       |       |     7 |       ||     7
       Scimitar          |       |       |       |   213 ||   213
       Falchion          |       |       |       |     3 ||     3
 Fire: Hunting sling     |       |       |    64 |    13 ||    77
Invok: Heroism           |       |       |       |     2 ||     2
Evoke: Wand              |       |       |     4 |     1 ||     5
  Use: Scroll            |    10 |     3 |     6 |    10 ||    29
       Potion            |       |     1 |       |     2 ||     3
  Eat: Chunk             |     1 |     7 |    15 |    16 ||    39
       Ration            |       |       |     1 |     1 ||     2
Armor: Scale mail        |    91 |   155 |    53 |       ||   299
       Chain mail        |       |       |   140 |   206 ||   346
Dodge: Dodged            |    58 |    95 |    98 |    72 ||   323
Block: Kite shield       |    82 |   169 |   238 |   206 ||   695
       Rpst.: Long sword |    18 |    36 |    28 |    12 ||    94
       Scimitar          |       |       |       |     7 ||     7

Table legend:
 A = Non-vault XP
 B = Vault XP
 C = Vault XP percentage of total XP
 D = Non-vault monster count
 E = Vault monster count
 F = Vault count percentage of total count
                 A         B        C        D         E       F
            +---------+---------+-------+---------+---------+-------
      Total |   12515 |    2967 |  19.2 |     244 |      70 |  22.3
            +---------+---------+-------+---------+---------+-------
        D:1 |      20 |       3 |  13.0 |      12 |       2 |  14.3
        D:2 |      67 |       0 |   0.0 |      29 |       0 |   0.0
        D:3 |      83 |      22 |  21.0 |      26 |       8 |  23.5
        D:4 |     538 |     211 |  28.2 |      18 |       1 |   5.3
        D:5 |     280 |       0 |   0.0 |      18 |       0 |   0.0
        D:6 |     795 |       0 |   0.0 |      22 |       0 |   0.0
        D:7 |    1038 |     192 |  15.6 |      20 |       5 |  20.0
        D:8 |    1007 |       0 |   0.0 |      13 |       0 |   0.0
        D:9 |    2528 |       0 |   0.0 |      26 |       0 |   0.0
       D:10 |    4027 |    2160 |  34.9 |      39 |       6 |  13.3
       D:11 |    2132 |       0 |   0.0 |      21 |       0 |   0.0
      Sewer |       0 |     379 | 100.0 |       0 |      48 | 100.0
            +---------+---------+-------+---------+---------+-------
